 Dungeon Crawl Stone Soup version 0.28-a0-500-g121bc3e445 (webtiles) character file.

Game seed: 17923037879370492006

9002 speeev33 the Spear-Bearer (level 11, -4/104 HPs)
             Began as a Minotaur Gladiator on Sept 20, 2021.
             Was a Priest of Okawaru.
             Slain by a blink frog (8 damage)
             ... led by Prince Ribbit
             ... on level 10 of the Dungeon.
             The game lasted 00:23:39 (12226 turns).

speeev33 the Spear-Bearer (Minotaur Gladiator)     Turns: 12226, Time: 00:23:39

Health: -4/104     AC: 20    Str: 23    XL:     11   Next: 17%
Magic:  0/10       EV: 10    Int:  5    God:    Okawaru [***...]
Gold:   518        SH:  6    Dex: 11    Spells: 10/10 levels left

rFire   . . .      SeeInvis .   g - +3 spear (vorpal)
rCold   + . .      Faith    .   u - +0 buckler
rNeg    . . .      Spirit   +   C - +0 plate armour
rPois   .          Reflect  .   c - +1 hat
rElec   .          Harm     .   (no cloak)
rCorr   .          Rampage  .   m - +0 pair of gloves
Will    .....                   (no boots)
Stlth   ..........              b - amulet of guardian spirit
HPRegen 0.27/turn               n - ring of flight
MPRegen 0.12/turn               d - ring of protection from cold

@: lethally poisoned (-4 -> -5), about to teleport, heroic, flying, studying
Shields
A: horns 2, retaliatory headbutt
a: Renounce Religion, Heroism


You were on level 10 of the Dungeon.
You worshipped Okawaru.
Okawaru was most pleased with you.
You visited 3 branches of the dungeon, and saw 12 of its levels.
You also visited: Sewer and Ossuary.

You collected 518 gold pieces.

Inventory:

Hand Weapons
 a - a +0 trident of flaming
 g - a +3 vorpal spear (weapon)
Missiles
 h - 5 throwing nets (quivered)
Armour
 c - a +1 hat (worn)
 m - a +0 pair of gloves (worn)
 u - a +0 buckler (worn)
 C - a +0 plate armour (worn)
Jewellery
 b - an amulet of guardian spirit (around neck)
 d - a ring of protection from cold (right hand)
 n - a ring of flight (left hand)
 o - a ring of positive energy
Wands
 i - a wand of flame (21)
 q - a wand of charming (8)
 E - a wand of polymorph (3)
 H - a wand of mindburst (17)
Scrolls
 f - 7 scrolls of teleportation
 p - a scroll of enchant armour
 r - 2 scrolls of fear
 v - 3 scrolls of fog
 y - a scroll of immolation
 B - a scroll of enchant weapon
 F - 2 scrolls of amnesia
 I - a scroll of identify
Potions
 e - 9 potions of curing
 j - 2 potions of flight {unknown}
 k - 4 potions of attraction
 l - 6 potions of heal wounds
 s - 3 potions of brilliance
 t - a potion of might {unknown}
 w - a potion of resistance {unknown}
 x - 2 potions of haste {unknown}
 z - a potion of mutation {unknown}
 A - a potion of cancellation {unknown}
 D - a potion of degeneration {unknown}
 G - a potion of lignification {unknown}


   Skills:
 + Level 11.9(16.9) Fighting
 + Level 12.1(17.1) Polearms
 - Level 2.0(7.0) Throwing
 + Level 11.7(16.7) Armour
 - Level 3.2(8.2) Dodging
 - Level 4.0(9.0) Shields


You had 10 spell levels left.
You didn't know any spells.
Your spell library contained the following spells:

 Spells                   Type           Power      Damage    Failure   Level
 Apportation              Tloc           0%         N/A       99%         1
 Gell's Gravitas          Tloc           0%         N/A       100%        3
 Lesser Beckoning         Tloc           0%         N/A       100%        3
 Teleport Other           Tloc           0%         N/A       100%        3
 Alistair's Intoxication  Tmut/Pois      0%         N/A       100%        5
 Iskenderun's Battlesphe  Conj           0%         2d6       100%        5
 Conjure Ball Lightning   Conj/Air       0%         3x3d6     100%        6
 Invisibility             Hex            0%         N/A       100%        6
 Iron Shot                Conj/Erth      0%         9d1       100%        6
 Discord                  Hex            0%         N/A       100%        8
 Disjunction              Tloc           0%         N/A       100%        8
 Summon Small Mammal      Summ           Unusable   N/A       N/A         1
 Call Canine Familiar     Summ           Unusable   N/A       N/A         3
 Summon Guardian Golem    Hex/Summ       Unusable   N/A       N/A         3
 Spellforged Servitor     Conj/Summ      Unusable   N/A       N/A         7

Dungeon Overview and Level Annotations

Branches:
Dungeon (10/15)            Temple (1/1) D:7            Lair (1/6) D:10
  Sewer (visited)         Ossuary (visited)
    Orc: D:9-12

Altars:
Ashenzari
Cheibriados
Dithmenos
Elyvilon
Fedhas
Gozag
Hepliaklqana
Kikubaaqudgha
Makhleb
Nemelex Xobeh
Okawaru
Qazlal
Ru
Sif Muna
Trog
Uskayaw
Vehumet
Wu Jian
Xom
Yredelemnul
Zin
The Shining One

Shops:
D:8 *

Annotations:
D:7 2 transporters, siradein's ghost, novice GnFi
Lair:1 Prince Ribbit


Innate Abilities, Weirdness & Mutations

You have a pair of horns on your head.
You reflexively headbutt those who attack you in melee.


Message History

You hit the yak. You headbutt the yak.
The yak is heavily wounded.
You feel sick. You block the yak's attack.
You barely miss the yak. Your headbutt misses the yak.
The yak is heavily wounded.
You feel sick. The yak gores you! The yak gores you but does no damage.
You hit the yak but do no damage.
The yak is heavily wounded.
You feel sick. The blink frog misses you. The yak gores you but does no damage.
You puncture the blink frog!
The blink frog is moderately wounded.
You feel sick. The yak gores you. The yak gores you but does no damage.
The blink frog hits you.
* * * LOW HITPOINT WARNING * * *
The blink frog blinks!
You puncture the yak!
The yak is almost dead.
You block the yak's attack.
You hit the yak but do no damage.
The yak is almost dead.
You feel sick. The yak barely misses you. The yak gores you but does no damage.
You hit the yak.
The yak is almost dead.
The yak gores you!
* * * LOW HITPOINT WARNING * * *
You gain the combat prowess of a mighty hero.
You feel sick. The yak closely misses you. You furiously retaliate!
You headbutt the yak. The yak gores you!
* * * LOW HITPOINT WARNING * * *
The yak gores you but does no damage.
You hit the yak.
The yak is lightly wounded.
You feel sick. The yak gores you but does no damage. The yak barely misses you.
You furiously retaliate!
You headbutt the yak!
You kill the yak!
Okawaru accepts your kill.
Okawaru will now gift you ammunition as you gain piety.
As you read the scroll of teleportation, it crumbles to dust.
You feel strangely unstable.
You feel sick. The blink frog hits you!
You die... ####### ##PPPPP## #PPPPPP.#

#########
#P.÷÷PPP###.......#
#PY@F.P..##.......#
#PP.Y.P..##.......#
#PPPP.....#.......##
#PPPP...............
#PPPPP...####.......
#PPP....#...#.......
#PP.....#...#.#####.
##P....##...#.+...#.
##...###...#.#...#.


You could see 2 yaks and a blink frog.

Vanquished Creatures
  Harold (D:7)
  Nergalle (D:10)
  A cane toad (D:10)
  Maggie (D:7)
  A komodo dragon (D:10)
  A wyvern (D:7)
  17 yaks
  2 acid dragons
  2 water moccasins
  4 orc warriors
  An ice beast (D:8)
  2 centaurs
  6 ogres
  A phantom (D:4)
  2 kobold brigands
  3 bullfrogs
  3 elf skeletons (D:7)
  A scorpion (D:5)
  9 wights (D:8)
  6 killer bees (D:9)
  A howler monkey (D:5)
  A bullfrog zombie (D:6)
  3 centaur zombies
  3 orc priests
  2 jellies
  3 gnoll shamans
  2 hounds
  4 human skeletons (D:7)
  4 iguanas
  Natasha (thrice) (D:2)
  Terence (D:2)
  7 orc wizards
  2 killer bee zombies
  13 mummies (Ossuary)
  14 gnolls
  11 adders
  A howler monkey skeleton (D:7)
  2 shadow imps
  A white imp (D:7)
  An adder skeleton (D:4)
  2 worms
  A dart slug (D:2)
  23 orcs
  5 ball pythons
  7 endoplasms
  4 giant cockroaches
  6 goblins
  A hobgoblin (D:4)
  2 jackals (Sewer)
  23 kobolds
  2 quokkas
  3 bats
  2 frilled lizards
  2 goblin skeletons (Ossuary)
  3 kobold skeletons (Ossuary)
  7 orc skeletons
  6 rats
  11 rat skeletons (Ossuary)
254 creatures vanquished.

Vanquished Creatures (others)
  A fungus (Lair:1)
  13 plants
14 creatures vanquished.

Grand Total: 268 creatures vanquished

Notes
Turn   | Place    | Note
-------+----------+-------------------------------------------
     0 | D:1      | speeev33 the Minotaur Gladiator began the quest for the
                  | Orb.
     0 | D:1      | Reached XP level 1. HP: 18/18 MP: 0/0
   198 | D:1      | Reached skill level 1 in Armour
   214 | D:1      | Reached XP level 2. HP: 25/25 MP: 1/1
   408 | D:1      | Reached skill level 4 in Polearms
   569 | D:1      | You fall into a shaft and drop 1 floor!
   578 | D:2      | Reached XP level 3. HP: 28/31 MP: 2/2
   805 | D:2      | Noticed Natasha
   817 | D:2      | Killed Natasha
   975 | D:2      | Reached XP level 4. HP: 39/39 MP: 3/3
   981 | D:2      | Found a faded altar of an unknown god.
  1196 | D:2      | Noticed Terence
  1206 | D:2      | Killed Terence
  1330 | D:2      | Noticed Natasha
  1341 | D:2      | Killed Natasha
  1342 | D:2      | Reached skill level 5 in Polearms
  1544 | D:2      | Noticed Natasha
  1554 | D:2      | Killed Natasha
  1555 | D:2      | Reached XP level 5. HP: 45/46 MP: 4/4
  1690 | D:3      | Found a shimmering blue altar of Sif Muna.
  2368 | D:3      | Reached XP level 6. HP: 41/55 MP: 5/5
  2810 | D:3      | Reached skill level 5 in Fighting
  3325 | D:4      | Found a burning altar of Makhleb.
  3705 | D:4      | Reached skill level 6 in Polearms
  3877 | D:5      | Entered Level 5 of the Dungeon
  3879 | D:5      | Found a blossoming altar of Fedhas.
  3945 | D:5      | Found a glowing drain.
  3960 | Sewer    | Entered a sewer
  4060 | Sewer    | Noticed a water moccasin
  4075 | Sewer    | Killed a water moccasin
  4076 | Sewer    | Reached skill level 5 in Armour
  4076 | Sewer    | Reached XP level 7. HP: 38/62 MP: 6/6
  4709 | D:5      | Reached skill level 7 in Polearms
  4936 | D:5      | Reached XP level 8. HP: 63/71 MP: 7/7
  5241 | D:5      | Found an ornate altar of the Wu Jian Council.
  5868 | D:6      | Reached skill level 8 in Polearms
  6711 | D:7      | Reached skill level 1 in Shields
  6751 | D:7      | Found a transporter.
  6762 | D:7      | Noticed a moth of wrath
  6771 | D:7      | Found a transporter.
  6810 | D:7      | Found a sand-covered staircase.
  6821 | D:7      | Reached XP level 9. HP: 77/82 MP: 6/8
  6824 | Ossuary  | Entered an ossuary
  7018 | Ossuary  | Reached skill level 9 in Polearms
  7358 | D:7      | Noticed siradein's ghost (novice GnFi)
  7383 | D:7      | Noticed Harold
  7437 | D:7      | Killed Harold
  7445 | D:7      | Noticed Maggie
  7501 | D:6      | Reached skill level 10 in Polearms
  7760 | D:7      | Found a staircase to the Ecumenical Temple.
  7765 | Temple   | Entered the Ecumenical Temple
  8439 | D:7      | Killed Maggie
  8625 | D:7      | Reached skill level 10 in Fighting
  8813 | D:8      | Reached XP level 10. HP: 71/93 MP: 6/9
  8929 | D:8      | Found an iron altar of Okawaru.
  8934 | D:8      | Became a worshipper of Warmaster Okawaru
  8943 | D:8      | Found Utwiump's General Store.
  9133 | D:8      | Found a broken altar of Ashenzari.
  9198 | D:8      | Found a sparkling altar of Nemelex Xobeh.
  9292 | D:8      | Reached skill level 10 in Armour
  9703 | D:9      | Reached * piety under Okawaru
  9943 | D:9      | Reached skill level 11 in Polearms
 10011 | D:9      | Reached ** piety under Okawaru
 10272 | D:8      | Found a shimmering altar of Xom.
 10368 | D:8      | Found a basalt altar of Yredelemnul.
 10368 | D:8      | Found a glowing silver altar of Zin.
 10425 | D:10     | Entered Level 10 of the Dungeon
 10425 | D:10     | Noticed Nergalle
 10438 | D:10     | Killed Nergalle
 11076 | D:10     | Found a staircase to the Lair.
 11691 | D:10     | Reached XP level 11. HP: 103/103 MP: 10/10
 11916 | Lair:1   | Entered Level 1 of the Lair of Beasts
 11952 | D:10     | Reached skill level 12 in Polearms
 12206 | Lair:1   | Noticed Prince Ribbit
 12224 | D:10     | HP: 5/104 [yak (12)]
 12225 | D:10     | Reached *** piety under Okawaru
 12226 | D:10     | Slain by a blink frog

Illustrated notes

Levels and vault maps discovered:
D:1:      dpeg_arrival_chambers_temple_mockup, layout_rooms, serial_shops, shop,
          chequers_big_river, due_unseen_surprise
D:2:      layout_basic, hellmonk_ecumenical_altar_heavens_door, uniq_terence,
          uniq_natasha
D:3:      layout_rooms, nicolae_sif_muna_condensation
D:4:      layout_basic, mainiacjoe_overflow_paths, kennysheep_generic_room_13
D:5:      layout_gridville, nicolae_wu_jian_immortal_techniques, fedhas_altar_1,
          cheibrodos_sewer_entry_bend
D:6:      layout_basic, hangedman_abyss_or_decor_passed
D:7:      layout_rooms, minmay_temple_entry_large_hall,
          nicolae_ossuary_entry_catacombs, gammafunk_ghost_berserking_beasts,
          grunt_ogre_cave, uniq_harold, uniq_maggie
D:8:      layout_cave_pools, okawaru_gym_becter, nemelex_diamond_rough_becter,
          nicolae_overflow_hidden_temple, serial_shops, shop
D:9:      layout_loops_cross
D:10:     layout_irregular_city, david_lair_shrubbed, uniq_nergalle
Temple:   nicolae_temple_hex_pool
Lair:1:   cheibrodos_lair_river_kwai, layout_chaotic_city, minivault_23,
          nicolae_quartered_pool_medium, serial_bayou_shore_a,
          serial_bayou_shore_b, lemuel_fruit_tree, uniq_prince_ribbit2

Skill      XL: |  1  2  3  4  5  6  7  8  9 10 11 |
---------------+----------------------------------+-----
Armour         | 1 2 3 5 6 7 9 11 | 11.7
Polearms       | 4 5 6 7 8 10 11 12 | 12.1
Fighting       | 3 4 5 6 8 10 11 | 11.9
Shields        | 1 4 |  4.0
Throwing       | |  2.0
Dodging        | |  3.2

Action                   |  1- 3 |  4- 6 |  7- 9 | 10-12 || total
-------------------------+-------+-------+-------+-------++-------
Melee: Trident           |    52 |       |       |       ||    52
       Headbutt          |     8 |    31 |    75 |    77 ||   191
       Spear             |    14 |   199 |   414 |   335 ||   962
Throw: Throwing net      |       |     3 |     4 |       ||     7
Invok: Heroism           |       |       |       |     2 ||     2
Evoke: Wand              |       |       |     5 |     2 ||     7
  Use: Scroll            |     2 |     5 |    12 |     1 ||    20
 Stab: Held in net/web   |       |       |     2 |       ||     2
Armor: Leather armour    |    13 |     2 |       |       ||    15
       Chain mail        |       |    79 |    92 |       ||   171
       Skin              |       |       |    17 |       ||    17
       Plate armour      |       |       |     8 |   107 ||   115
Dodge: Dodged            |    60 |    65 |    97 |    53 ||   275
Block: Buckler           |       |       |    18 |    40 ||    58

Table legend: (Time is in decaauts)
 A = Elapsed time spent in this place.
 B = Non-inter-level travel time spent in this place.
 C = Inter-level travel time spent in this place.
 D = Time resting spent in this place.
 E = Time spent auto-exploring this place.
 F = Levels seen in this place.
 G = Mean time per level.
                   A        B        C        D        E       F      G
               +--------+--------+--------+--------+--------+-----+--------+
         Total |  11938 |  11382 |    556 |   3798 |   5447 |  14 |  852.7 |
       Dungeon |  11130 |  10574 |    556 |   3647 |   5009 |  10 | 1113.0 |
        Temple |     72 |     72 |      0 |      0 |     53 |   1 |   72.0 |
          Lair |     12 |     12 |      0 |      0 |      0 |   1 |   12.0 |
         Sewer |    306 |    306 |      0 |    151 |    109 |   1 |  306.0 |
       Ossuary |    415 |    415 |      0 |      0 |    276 |   1 |  415.0 |
               +--------+--------+--------+--------+--------+-----+--------+

Top non-repeatable levels by time:
     D:6: 1800 daAuts
     D:5: 1386 daAuts
     D:2: 1372 daAuts
     D:9: 1314 daAuts
    D:10: 1269 daAuts
     D:3: 996 daAuts
     D:4: 916 daAuts
     D:7: 826 daAuts
     D:8: 672 daAuts
     D:1: 576 daAuts
 Ossuary: 415 daAuts
   Sewer: 306 daAuts
  Temple: 72 daAuts
  Lair:1: 12 daAuts
